 Dungeon Crawl Stone Soup version 0.30-a0-122-g2a1322497e (webtiles) character file.

Game seed: 364591213990677284

17 IdlyInterested the Gusty (level 2, -1/21 HPs)
             Began as a Demonspawn Wanderer on Sept 16, 2022.
             Slain by a gnoll
             ... wielding a +0 club
              (5 damage)
             ... on level 1 of the Dungeon.
             The game lasted 00:02:32 (687 turns).

IdlyInterested the Gusty (Demonspawn Wanderer)       Turns: 687, Time: 00:02:33

Health: -1/21      AC:  3    Str:  9    XL:     2   Next: 44%
Magic:  0/3        EV: 11    Int: 19    God:
Gold:   30         SH:  0    Dex: 11    Spells: 0/3 levels left

rFire   . . .      SeeInvis .    l - +0 hand axe
rCold   . . .      Faith    .    (no shield)
rNeg    . . .      Spirit   .    e - +0 leather armour
rPois   .          Reflect  .    (no helmet)
rElec   .          Harm     .    (no cloak)
rCorr   .          Rampage  .    (no gloves)
Will    .....                    (no boots)
Stlth   +.........               (no amulet)
HPRegen 0.07/turn                (no ring)
MPRegen 0.08/turn                (no ring)

@: hasted, very quick
A: big brain 1
a: no special abilities


You were on level 1 of the Dungeon.
You visited 1 branch of the dungeon, and saw 1 of its levels.

You collected 30 gold pieces.

Inventory:

Hand Weapons
 a - a +0 dagger
 g - a +0 mace
 h - a +0 falchion
 l - a +0 hand axe (weapon)
Missiles
 k - 2 boomerangs
Armour
 e - a +0 leather armour (worn)
Wands
 d - a wand of polymorph (4)
Scrolls
 b - a scroll of magic mapping {unknown}
 c - a scroll of blinking {unknown}
 i - a scroll of vulnerability {unknown}
 j - a scroll of identify {unknown}


   Skills:
 * Level 1.2 Fighting
 + Level 0.6 Armour
 - Level 1.0 Dodging
 - Level 1.0 Spellcasting
 * Level 1.7 Conjurations
 - Level 4.5 Air Magic
 - Level 2.0 Evocations


You couldn't memorise any spells.
You knew the following spells:

 Your Spells              Type           Power      Damage    Failure   Level
a - Shock                 Conj/Air       48%        1d6       7%          1
b - Searing Ray           Conj           14%        2d5       19%         2

Your spell library contained the following spells:

 Spells                   Type           Power      Damage    Failure   Level
 Static Discharge         Conj/Air       24%        3-5/arc   11%         2
 Airstrike                Air            9%         2d(2-18)  36%         4
 Summon Lightning Spire   Summ/Air       9%         N/A       69%         4


Dungeon Overview and Level Annotations

Branches:
Dungeon (1/15)

Altars:


Innate Abilities, Weirdness & Mutations

You have an unusually large brain. (Int +2)


Message History

You are very lightly contaminated with residual magic.
Nothing appears to happen.
The gnoll throws a stone.
The stone hits you. The gnoll blocks your attack. The gnoll barely misses you.
A goblin comes into view. It is wielding a +0 club.
The gnoll blocks your attack. The gnoll completely misses you.
The gnoll blocks your attack.
The goblin shouts!
The gnoll hits you with a +0 club.
A hobgoblin comes into view.
The gnoll hits you but does no damage.
You closely miss the gnoll. The gnoll hits you with a +0 club.
Your magical contamination has completely faded away.
The gnoll blocks your attack. The gnoll misses you.
You barely miss the gnoll. The gnoll barely misses you.
You hit the gnoll.
The gnoll is lightly wounded.
The gnoll hits you but does no damage. x2
Aiming: Searing Ray (safe; 19% risk of failure)
Press: ? - help, Q - select action, (/) - cycle Shift-Dir - straight line, f - hobgoblin, p - gnoll
Aim: a hobgoblin (74% to hit)
The searing ray misses the gnoll.
The searing ray hits the goblin!
You kill the goblin!
The searing ray hits the hobgoblin.
The hobgoblin is heavily wounded. (Press . to maintain the ray.)
The gnoll hits you with a +0 club.
You hit the gnoll.
The gnoll is heavily wounded.
The gnoll closely misses you.
You barely miss the gnoll.
The gnoll is heavily wounded.
The gnoll hits you with a +0 club.
It was a potion of haste.
You feel yourself speed up. The gnoll hits you with a +0 club.
* * * LOW HITPOINT WARNING * * *
You hit the gnoll.
The gnoll is severely wounded.
The gnoll hits you with a +0 club.
You die...

.# . ##. ...
#)# .g#g#
..#g# #.#@#
# #.#†#
#.##.#.#
...#.# #.#.#
.#######...#
........#..#
#######.#..#
#.#..#


You could see a gnoll and a hobgoblin.

Vanquished Creatures
  A dart slug (D:1)
  2 endoplasms (D:1)
  2 goblins (D:1)
  4 jackals (D:1)
  3 bats (D:1)
  A frilled lizard (D:1)
13 creatures vanquished.

Notes
Turn   | Place    | Note
-------+----------+-------------------------------------------
     0 | D:1      | IdlyInterested the Demonspawn Wanderer began the quest for
                  | the Orb.
     0 | D:1      | IdlyInterested set off with the following items: a +0
                  | dagger, a potion of heal wounds, a +0 robe, a wand of
                  | polymorph (4); and the following spell memorised: Shock;
                  | and the following spells available to memorise: Static
                  | Discharge, Searing Ray, Airstrike, Summon Lightning Spire.
     0 | D:1      | Reached XP level 1. HP: 13/13 MP: 2/2
   402 | D:1      | Gained mutation: You have an unusually large brain. (Int
                  | +2) [demonic ancestry]
   402 | D:1      | Reached XP level 2. HP: 11/20 MP: 3/3
   403 | D:1      | Reached skill level 1 in Fighting
   409 | D:1      | Learned a level 2 spell: Searing Ray
   687 | D:1      | Slain by a gnoll

Illustrated notes

Levels and vault maps discovered:
D:1:      grunt_arrival_crossed_arrows, layout_loops_ring

Skill      XL: |  1  2 |
---------------+-------+-----
Fighting       | 1 |  1.2
Armour         | |  0.6
Dodging        | |  1.0
Spellcasting   | |  1.0
Conjurations   | |  1.7
Air Magic      | |  4.5
Evocations     | |  2.0

Action                   || total
-------------------------++-------
Melee: Hand axe          ||    52
       Dagger            ||     3
 Cast: Shock             ||     5
       Searing Ray       ||     1
  Use: Potion            ||     2
Armor: Leather armour    ||    25
Dodge: Dodged            ||    37

Table legend: (Time is in decaauts)
 A = Elapsed time spent in this place.
 B = Non-inter-level travel time spent in this place.
 C = Inter-level travel time spent in this place.
 D = Time resting spent in this place.
 E = Time spent auto-exploring this place.
 F = Levels seen in this place.
 G = Mean time per level.
                   A        B        C        D        E       F      G
               +--------+--------+--------+--------+--------+-----+--------+
         Total |    701 |    701 |      0 |    294 |    226 |   1 |  701.0 |
       Dungeon |    701 |    701 |      0 |    294 |    226 |   1 |  701.0 |
               +--------+--------+--------+--------+--------+-----+--------+

Top non-repeatable levels by time:
     D:1: 701 daAuts
